 Dungeon Crawl Stone Soup version 0.29.1-12-g30fa7ad0bf (webtiles) character file.

Game seed: 4792989730665064068

7 MisterFreud the Ducker (level 1, -3/15 HPs)
             Began as a Felid Berserker on Jan 9, 2023.
             Was a Follower of Trog.
             Frozen to death by an endoplasm (5 damage)
             ... on level 2 of the Dungeon.
             The game lasted 00:00:29 (430 turns).

MisterFreud the Ducker (Felid Berserker)             Turns: 430, Time: 00:00:29

Health: -3/15      AC:  1    Str: 13    XL:     1   Next: 91%
Magic:  2/2        EV: 18    Int:  8    God:    Trog [*.....]
Gold:   23         SH:  0    Dex: 15    Spells: 0/0 levels left
                                        Lives:  0   Deaths: 0

rFire   . . .      SeeInvis +     - Unarmed
rCold   . . .      Faith    .   (shield unavailable)
rNeg    . . .      Spirit   .   (body armour unavailable)
rPois   .          Reflect  .   (helmet unavailable)
rElec   .          Harm     .   (cloak unavailable)
rCorr   .          Rampage  .   (gloves unavailable)
Will    .....                   (boots unavailable)
Stlth   ..........              (no amulet)
HPRegen 0.05/turn               (no ring)
MPRegen 0.08/turn               (no ring)

@: berserking, very quick
A: very small, claws 1, fangs 3, see invisible, speed 1, shaggy fur 1, stealthy
paws, no weapons or thrown items, no armour, multi-lived
a: Renounce Religion, Berserk


You were on level 2 of the Dungeon.
You worshipped Trog.
Trog was aware of your devotion.
You visited 1 branch of the dungeon, and saw 2 of its levels.

You collected 23 gold pieces.

You aren't carrying anything.


   Skills:
 - Level 3.0 Fighting
 - Level 4.0 Dodging
 + Level 1.6 Stealth
 + Level 3.2 Unarmed Combat


You couldn't memorise any spells.
You didn't know any spells.
Your spell library was empty.

Dungeon Overview and Level Annotations

Branches:
Dungeon (2/15)

Altars:

Annotations:
D:2 Robin


Innate Abilities, Weirdness & Mutations

You have sharp claws.
You have razor-sharp teeth.
You have supernaturally acute eyesight. (SInv)
You cover ground quickly. (Speed+)
You are covered in fur. (AC +1)
Your paws help you pounce on unaware monsters.
You are incapable of wielding weapons or throwing items.
You cannot wear armour.
You gain extra lives every three experience levels.


Message History

You kill the bat!
Trog accepts your kill.
A hobgoblin and a jackal come into view.
A giant cockroach comes into view.
A jackal comes into view.
The hobgoblin completely misses you.
There are monsters nearby!
You barely miss the hobgoblin.
The jackal barks!
You hear a bark! x2
The hobgoblin barely misses you.
The jackal barks!
You scratch the hobgoblin.
The hobgoblin is moderately wounded.
The hobgoblin completely misses you.
You see here a rat corpse.
There is a stone staircase leading down here.
You climb downwards.
There is a stone staircase leading up here.
Robin of the Strong Arm comes into view.
They are wielding a +0 whip.
Robin roars a battlecry!
The goblins go into a battle-frenzy!
You hear a shout! x3
An endoplasm comes into view.
Found an escape hatch in the floor.
The endoplasm quivers.
An adder comes into view.
A hobgoblin comes into view.
You scratch the adder. Your bite misses the adder.
The adder is heavily wounded.
The adder bites you. The endoplasm freezes you.
You are frozen.
Ouch! That really hurt!
The adder bites you.
* * * LOW HITPOINT WARNING * * *
Unknown command.
A red film seems to cover your vision as you go berserk!
You feel yourself moving faster!
You feel mighty! The endoplasm freezes you.
You are frozen.
You die...

.# ...#### ####
....... #..
......S### ..#
.......@.# ##.## ####
......J#g###...#.....
.............w...#
..........##.<.###
.........>###.##
##.####...# #.# .g.
...... ..# .. ###....
... #.#.####g


You could see an adder, an endoplasm, a hobgoblin and a goblin (strong).

Vanquished Creatures
  A giant cockroach (D:1)
  2 hobgoblins (D:1)
  2 bats (D:1)
  A kobold (D:1)
  A rat (D:1)
7 creatures vanquished.

Notes
Turn   | Place    | Note
-------+----------+-------------------------------------------
     0 | D:1      | MisterFreud the Felid Berserker began the quest for the
                  | Orb.
     0 | D:1      | Reached XP level 1. HP: 10/10 MP: 2/2
    40 | D:1      | Reached skill level 1 in Stealth
   422 | D:2      | Noticed Robin
   430 | D:2      | Frozen to death by an endoplasm

Illustrated notes

Levels and vault maps discovered:
D:1:      tarquinn_simple_flora_water_e, layout_rooms
D:2:      layout_loops_ring, hangedman_feature_mirror,
          minmay_misc_feat_nine_boxes, kennysheep_path_1, uniq_robin

Skill      XL: |  1 |
---------------+----+-----
Stealth        | 1 |  1.6
Fighting       | |  3.0
Dodging        | |  4.0
Unarmed Combat | |  3.2

Action                   || total
-------------------------++-------
Melee: Unarmed           ||    20
       Bite              ||     3
Invok: Berserk           ||     2
Armor: Skin              ||     1
Dodge: Dodged            ||    17
